 Dungeon Crawl Stone Soup version 0.28.0-53-g5a82cb258f (webtiles) character file.

Game seed: 15660047510514780496

59 DildoBatman the Conjurer (level 4, -3/26 (30) HPs)
             Began as a Formicid Conjurer on July 4, 2022.
             Killed by divine providence
             ... invoked by an orc priest
              (13 damage)
             ... on level 6 of the Dungeon.
             The game lasted 00:04:23 (2106 turns).

DildoBatman the Conjurer (Formicid Conjurer)        Turns: 2106, Time: 00:04:23

HP:   -3/26 (30)    AC:  4    Str: 11    XL:     4   Next: 22%
MP:   16/16         EV: 12    Int: 18    God:
Gold: 75            SH:  0    Dex: 11    Spells: 4/7 levels left

rFire   . . .      SeeInvis +   e - +0 short sword
rCold   . . .      Faith    .   (no shield)
rNeg    . . .      Spirit   .   a - +0 robe
rPois   .          Reflect  .   (helmet unavailable)
rElec   .          Harm     .   g - +0 cloak
rCorr   .          Rampage  .   (no gloves)
Will    .....                   i - +0 pair of boots
Stlth   ++........              (no amulet)
HPRegen 0.08/turn               n - ring of magical power
MPRegen 0.15/turn               (no ring)

@: heavily drained
A: permanent stasis, dig shafts and tunnels, antennae 3, four strong arms
a: Dig, Shaft Self


You were on level 6 of the Dungeon.
You visited 1 branch of the dungeon, and saw 4 of its levels.

You collected 75 gold pieces.

Inventory:

Hand Weapons
 c - a +0 dagger
 e - a +0 short sword (weapon)
Missiles
 j - 21 arrows
 p - 22 sling bullets
 r - 12 stones
Armour
 a - a +0 robe (worn)
 g - a +0 cloak (worn)
 i - a +0 pair of boots (worn)
Jewellery
 n - a ring of magical power (left hand)
Wands
 l - a wand of mindburst (12)
Scrolls
 b - 4 scrolls of identify {unknown}
 d - a scroll of vulnerability {unknown}
 f - a scroll of summoning {unknown}
 o - a scroll of blinking {unknown}
 q - a scroll of teleportation {unknown}
 s - a scroll of fear {unknown}
Potions
 h - a potion of heal wounds {unknown}
 k - a potion of haste {unknown}
 m - a potion of brilliance {unknown}
 t - a potion of invisibility {unknown}


   Skills:
 * Level 0.1 Fighting
 * Level 0.1 Armour
 - Level 1.7 Dodging
 - Level 2.4 Stealth
 * Level 2.2 Spellcasting
 * Level 4.9 Conjurations


You had 4 spell levels left.
You knew the following spells:

 Your Spells              Type           Power      Damage    Failure   Level
a - Searing Ray           Conj           38%        2d5       3%          2
c - Magic Dart            Conj           76%        1d6       2%          1

Your spell library contained the following spells:

 Spells                   Type           Power      Damage    Failure   Level
 Dazzling Flash           Conj/Hex       20%        N/A       19%         3
 Fulminant Prism          Conj/Hex       5%         3d7       54%         4
 Iskenderun's Mystic Bla  Conj/Tloc      10%        2d4       54%         4


Dungeon Overview and Level Annotations

Branches:
Dungeon (3/15)

Altars:

Shops:
D:1 (   D:2 !

Annotations:
D:2 Grinder
D:3 1 exclusion


Innate Abilities, Weirdness & Mutations

You cannot be hasted, slowed, berserked, paralysed or teleported.
You can dig through walls and to a lower floor.
You have a pair of large antennae on your head. (SInv)
Your four strong arms can wield two-handed weapons with a shield.


Message History

There is a stone staircase leading up here.
Grinder hits you.
You writhe in agony.
You climb upwards.
There is a stone staircase leading down here.
You extend your mandibles.
You dig through the rock wall.
You feel drained.
You dig through the rock wall.
You feel drained.
You retract your mandibles.
There is a stone staircase leading down here.
Press: ? - help, v - describe, . - travel
Here: Grinder The floor.
Placed new exclusion.
You climb downwards.
There is a stone staircase leading up here.
Press: ? - help, v - describe, . - travel The floor.
Placed new exclusion.
Reduced exclusion size to a single square.
Found a stone staircase leading up.
A sourceless malevolence fills the Dungeon...
You fall into a shaft and drop 3 floors!
The shaft crumbles and collapses.
A water moccasin skeleton, a white imp and 4 orcs come into view.
The white imp shouts!
Found a glowing orb.
Found a scroll labelled LIETET ACANUSM.
The white imp gestures at you. The puff of frost hits you!
Are you sure you want to shaft yourself?
The orc wizard shouts!
The orc shouts!
The orc priest shouts!
The orc priest mumbles some strange prayers to Beogh against you.
Beogh smites you!
Ouch! That really hurt!
You die...

##.. #.oo
####...
.......
....o..###
[...... {
#...## .
#.oZ.###....
#...@....+
##......##
.....#.###
.....^#..#
.?...# .##
..... .
..5.. ..
....


You could see 2 orc priests, an orc wizard, a white imp, an orc and a water
moccasin skeleton.

Vanquished Creatures
  An adder (D:2)
  A worm (D:2)
  A dart slug (D:1)
  6 endoplasms
  A giant cockroach (D:2)
  5 goblins (D:1)
  4 hobgoblins
  2 jackals (D:1)
  5 kobolds
  3 quokkas
  3 bats (D:1)
  3 frilled lizards
  5 rats
40 creatures vanquished.

Notes
Turn   | Place    | Note
-------+----------+-------------------------------------------
     0 | D:1      | DildoBatman the Formicid Conjurer began the quest for the
                  | Orb.
     0 | D:1      | Reached XP level 1. HP: 13/13 MP: 3/3
   183 | D:1      | Reached XP level 2. HP: 6/19 MP: 0/5
   234 | D:1      | Reached skill level 4 in Conjurations
   251 | D:1      | Learned a level 2 spell: Searing Ray
   518 | D:1      | Reached XP level 3. HP: 14/24 MP: 3/6
   675 | D:1      | Found Fyrei's Antique Weapon Shop.
   791 | D:1      | Found a faded altar of an unknown god.
  1188 | D:2      | Found Haemeif's Distillery.
  1298 | D:2      | Reached XP level 4. HP: 27/29 MP: 2/7
  2079 | D:3      | Noticed Grinder
  2104 | D:3      | You fall into a shaft and drop 3 floors!
  2106 | D:6      | Killed from afar by an orc priest

Illustrated notes

Levels and vault maps discovered:
D:1:      lightli_arrival_noodles, layout_loops_ring,
          hellmonk_ecumenical_altar_inner_sanctum, serial_shops,
          nicolae_shop_hallway_plus
D:2:      layout_loops_ring, serial_shops, nicolae_square_shop,
          serial_co_window_serial, co_window_of_opportunity_a,
          co_window_paths_a, co_window_paths_b, co_window_paths_b,
          co_window_corner_a, co_window_broadway_a, co_window_of_opportunity_b,
          co_window_paths_c, co_window_corner_b, co_window_of_opportunity_c,
          co_window_cross_3, co_window_paths_e, glass_columns_a,
          glass_columns_b, glass_columns_c, minivault_5
D:3:      layout_loops_ring, uniq_sigmund, uniq_jessica, uniq_terence,
          uniq_grinder
D:6:      layout_basic, general_overflow_altar, grunt_temple_overflow_open,
          serial_glass, glass_columns_a, glass_columns_a,
          hangedman_decor_growths

Skill      XL: |  1  2 |
---------------+-------+-----
Conjurations   | 4 |  4.9
Fighting       | |  0.1
Armour         | |  0.1
Dodging        | |  1.7
Stealth        | |  2.4
Spellcasting   | |  2.2

Action                   |  1- 3 |  4- 6 || total
-------------------------+-------+-------++-------
Melee: Dagger            |     7 |       ||     7
       Short sword       |    20 |     8 ||    28
 Cast: Magic Dart        |    53 |     6 ||    59
       Searing Ray       |     3 |     2 ||     5
 Abil: Dig               |     1 |     1 ||     2
       Shaft Self        |       |     1 ||     1
 Stab: Sleeping          |     5 |     1 ||     6
Armor: Robe              |     9 |     3 ||    12
Dodge: Dodged            |    23 |     6 ||    29
